 Dungeon Crawl Stone Soup version 0.26.0-18-gc5c842f807 (webtiles) character file.

Game seed: 16191878453260025735

42819 hatsuma the Destroyer (level 14, -4/118 HPs)
             Began as a Naga Venom Mage on Jan 21, 2021.
             Was an Elder of Ashenzari.
             Slain by a +0 flail of protection (12 damage)
             ... on level 1 of the Elven Halls on Jan 22, 2021.
             The game lasted 03:38:15 (22251 turns).

hatsuma the Destroyer (Naga Venom Mage)            Turns: 22251, Time: 03:38:17

Health: -4/118     AC: 11    Str: 14    XL:     14   Next: 21%
Magic:  0/36       EV: 12    Int: 24    God:    Ashenzari [****..]
Gold:   703        SH:  5    Dex: 15    Spells: 3/31 levels left

rFire    + + .     SeeInvis +   B - +2 dagger (distort) (curse)
rCold    . . .     Faith    .   J - +1 buckler
rNeg     + . .     Spirit   +   a - +2 robe (curse)
rPois    +         Reflect  .   (no helmet)
rElec    .         Harm     .   u - +2 ratskin cloak {*Rats rPois rN+ Str-1 Int-1 Dex+1} (curse)
rCorr    .         Rampage  .   L - +0 pair of gloves of Wonder {rF++ Will+++} (curse)
Will     ++++.     Clarity  +   (no barding)
Stlth    +++++.....             w - amulet of guardian spirit (curse)
HPRegen  0.29/turn              x - ring of Erhidau {*Drain rPois Str+5 Int+6 Slay+3} (curse)
MPRegen  0.25/turn              p - ring of magical power (curse)

@: about to teleport, very slow
A: large, see invisible, deformed body, poison resistance, slowness 2, spit
poison 1, constrict 1, AC +4
a: Spit Poison, Renounce Religion, Curse Item, Scrying


You were on level 1 of the Elven Halls.
You worshipped Ashenzari.
Ashenzari was greatly pleased with you.
You visited 3 branches of the dungeon, and saw 15 of its levels.

You collected 1683 gold pieces.
You spent 980 gold pieces at shops.

Inventory:

Hand Weapons
 B - a cursed +2 dagger of distortion (weapon)
Missiles
 t - 3 boomerangs of dispersal
 v - 4 throwing nets
Armour
 a - a cursed +2 robe (worn)
 u - the cursed +2 ratskin cloak (worn) {*Rats rPois rN+ Str-1 Int-1 Dex+1}
   (You found it on level 6 of the Dungeon)

   It affects your strength (-1).
   It affects your intelligence (-1).
   It affects your dexterity (+1).
   It protects you from poison.
   It protects you from negative energy.
   It has a curse placed upon it.
 G - +3 steam dragon scales
 J - a +1 buckler (worn)
 L - the cursed +0 pair of gloves of Wonder (worn) {rF++ Will+++}
   (You bought it in a shop on level 2 of the Orcish Mines)

   It greatly protects you from fire.
   It affects your willpower, your defense against some magical effects.
   It has a curse placed upon it.
Jewellery
 l - an uncursed ring of resist corrosion
 p - a cursed ring of magical power (right hand)
 w - a cursed amulet of guardian spirit (around neck)
 x - the cursed ring of Erhidau (left hand) {*Drain rPois Str+5 Int+6 Slay+3}
   (You found it on level 7 of the Dungeon)

   [ring of intelligence]

   It affects your strength (+5).
   It affects your intelligence (+6).
   It affects your accuracy and damage with ranged weapons and melee attacks
   (+3).
   It protects you from poison.
   It causes draining when unequipped.
   It has a curse placed upon it.
 H - an uncursed ring of fire
Wands
 j - a wand of iceblast (10)
 y - a wand of digging (6)
 A - a wand of flame (18)
 E - a wand of acid (7)
 K - a wand of polymorph (22)
Scrolls
 d - a scroll of fear
 g - a scroll of brand weapon {unknown}
 k - 4 scrolls of magic mapping
 o - 5 scrolls of amnesia
 q - a scroll of blinking {unknown}
 r - 3 scrolls of teleportation
 s - a scroll of random uselessness {unknown}
 C - 2 scrolls of fog
 I - a scroll of torment {unknown}
 M - a scroll of identify
Potions
 b - 3 potions of brilliance
 c - 7 potions of heal wounds
 e - 3 potions of curing
 f - a potion of mutation {unknown}
 h - 2 potions of lignification
 i - 4 potions of berserk rage
 m - 2 potions of haste
 n - 3 potions of attraction {unknown}
 z - a potion of magic {unknown}
 D - a potion of cancellation {unknown}
 F - a potion of degeneration {unknown}


   Skills:
 + Level 5.7 Fighting
 - Level 2.4(4.2) Dodging
 - Level 11.2(13.3) Stealth
 - Level 2.4 Shields
 - Level 9.1 Spellcasting
 - Level 12.3(15.4) Conjurations
 - Level 5.8(9.3) Translocations
 - Level 4.0(7.2) Transmutations
 - Level 4.2(7.5) Fire Magic
 - Level 4.7(8.1) Air Magic
 - Level 8.3(11.7) Earth Magic
 - Level 11.0(14.2) Poison Magic
 - Level 5.1(8.6) Evocations


You had 3 spell levels left.
You knew the following spells:

 Your Spells              Type           Power        Failure   Level
a - Sting                 Tmut/Pois      100%         1%          1
b - Poisonous Vapours     Pois/Air       100%         1%          2
c - Mephitic Cloud        Conj/Pois/Air  64%          1%          3
d - Ignite Poison         Fire/Tmut/Pois 55%          1%          3
e - Olgreb's Toxic Radia  Pois           68%          1%          4
f - Iskenderun's Mystic   Conj/Tloc      63%          1%          4
g - Bolt of Magma         Conj/Fire/Erth 30%          1%          5
h - Iron Shot             Conj/Erth      33%          3%          6

Your spell library contained the following spells:

 Spells                   Type           Power        Failure   Level
 Magic Dart               Conj           100%         0%          1
 Searing Ray              Conj           100%         0%          2
 Dazzling Flash           Conj/Hex       98%          1%          3
 Iskenderun's Battlesphe  Conj           71%          1%          5
 Fulminant Prism          Conj/Hex       24%          2%          4
 Orb of Destruction       Conj           35%          9%          7
 Spellforged Servitor     Conj/Summ      24%          88%         7


Dungeon Overview and Level Annotations

Branches:
Dungeon (12/15)            Temple (0/1) D:4            Lair (0/6) D:9
    Orc (2/2) D:9             Elf (1/3) Orc:2

Altars:
Ashenzari
Gozag
Hepliaklqana
Qazlal
Ru
Sif Muna
Trog
Uskayaw
Vehumet
Yredelemnul
Zin
Beogh

Shops:
D:4 *   D:6 [   D:8 *   Orc:2 (*=[

Annotations:
D:4 Menkaure
D:5 1 runed translucent door, Crazy Yiuf
Elf:1 Roxanne


Innate Abilities, Weirdness & Mutations

You cannot wear boots.
Your serpentine skin is tough. (AC +4)
You have supernaturally acute eyesight. (SInv)
Armour fits poorly on your strangely shaped body.
Your system is resistant to poisons. (rPois)
You cover ground very slowly.
You can spit poison.
You can use your snake-like lower body to constrict enemies.


Message History

The deep elf knight points at itself and mumbles some strange words.
The deep elf knight flickers and vanishes for a moment.
There is an open door, spattered with blood here.
You feel much better.
The deep elf knight looks more healthy.
The +0 flail of protection hits you! The fire elemental hits you.
The fire elemental burns you! You resist.
You block the +0 scimitar of holy wrath's attack.
Your river rat bites the +0 scimitar of holy wrath.
A deep elf archer comes into view. It is wielding a +0 short sword.
The +0 flail of protection hits you!
* * * LOW HITPOINT WARNING * * *
The fire elemental barely misses you.
As you read the scroll of teleportation, it crumbles to dust.
You feel strangely unstable.
The +0 scimitar of holy wrath hits you!!
* * * LOW HITPOINT WARNING * * *
A hell rat scurries out from under your cloak.
The deep elf mage casts a spell.
The +0 flail of protection hits you!
You die...

..............).......#.##
#####...#.....##.#...#.(.#
#...#.....#..........#
#..........####..##.##
#####..#####.........####*
.......#{,,#≈≈≈≈≈≈≈≈≈#{{,
#####..#{,{#≈≈≈≈≈≈≈≈≈#
#####.# ,,#8≈≈(≈≈≈≈8# ∆,*
##.....#.).#####@#####{,{
#......#...'4e°E(r...# ,
#.....}#...#e○o4..r..#, *
#......#** #Y○#####..'..,
#>..^..#{..'eY* **..#..,*
##.....#...#., , ,{ .# # *
#######$.,#. { ' *#* # '*
' *#., * , ,,,,* ,,


You could see an orc high priest, a deep elf archer (repels missiles), a deep
elf knight (fast, invisible), an ice devil (summoned), a rust devil (summoned),
a deep elf mage, a fire elemental, 2 ice beasts, 2 dancing weapons, a friendly
hell rat and a friendly river rat.

Vanquished Creatures
  A stone giant (Orc:2)
  Harold (D:7)
  5 two-headed ogres
  3 death yaks
  2 orc high priests
  5 deep elf knights
  An unseen horror (D:12)
  4 deep elf archers
  A cyclops (Orc:1)
  3 orc knights (Orc:2)
  3 orc sorcerers (Orc:2)
  18 deep elf magi
  2 manticores
  Joseph (D:8)
  A gargoyle (D:10)
  A centaur skeleton (D:12)
  3 trolls
  A hornet (D:11)
  An air elemental (Elf:1)
  A wraith (D:10)
  A vampire (D:12)
  3 wyverns
  A fire bat (shapeshifter) (Elf:1)
  A water elemental (Elf:1)
  9 yaks
  2 fire elementals (Elf:1)
  A steam dragon (D:9)
  3 vampire mosquitoes (D:11)
  Edmund (D:6)
  A warg (Orc:2)
  A water moccasin (D:12)
  Duvessa (D:4)
  31 orc warriors
  A hornet zombie (D:10)
  2 sky beasts
  3 phantoms
  2 black bears
  11 ogres
  An eye of draining (D:10)
  2 necrophages
  3 ice beasts
  7 centaurs
  2 big kobolds
  4 bullfrogs
  A gnoll sergeant (D:10)
  A wyvern skeleton (D:12)
  Dowan (D:4)
  3 scorpions
  5 killer bees (D:11)
  10 wights
  A howler monkey (D:7)
  2 centaur zombies
  2 quasits (D:8)
  6 hounds
  2 jellies
  19 orc priests
  2 bullfrog skeletons (D:10)
  17 orc wizards
  Terence (D:2)
  12 worker ants
  Natasha (twice) (D:3)
  3 iguanas
  4 hell rats
  A hound skeleton (D:11)
  A hound zombie (D:6)
  8 gnolls
  9 adders
  A howler monkey skeleton (D:4)
  5 river rats
  3 shadow imps
  4 white imps
  6 ufetubi
  10 oozes
  An adder skeleton (D:8)
  2 worms (D:2)
  2 dart slugs (D:1)
  2 leopard geckos
  84 orcs
  10 bats
  2 giant cockroaches
  6 goblins
  10 hobgoblins
  6 jackals
  24 kobolds
  9 quokkas
  5 frilled lizards
  A quokka zombie (D:5)
  22 rats
480 creatures vanquished.

Vanquished Creatures (collateral kills)
  A two-headed ogre (D:8)
  A dancing weapon (Elf:1)
  3 wargs
  A wight (D:12)
  An orc priest (Orc:2)
  A hell rat (D:9)
  A worker ant zombie (D:11)
  A gnoll (D:7)
10 creatures vanquished.

Vanquished Creatures (others)
  A deep elf knight (Elf:1)
  A wyvern skeleton (D:8)
  A giant cockroach (D:8)
  8 fungi (D:2)
  A plant (D:1)
  9 toadstools (D:2)
21 creatures vanquished.

Grand Total: 511 creatures vanquished

Notes
Turn   | Place    | Note
-------+----------+-------------------------------------------
     0 | D:1      | hatsuma the Naga Venom Mage began the quest for the Orb.
     0 | D:1      | Reached XP level 1. HP: 15/15 MP: 3/3
   406 | D:1      | Reached XP level 2. HP: 22/22 MP: 1/5
   412 | D:1      | Learned a level 2 spell: Poisonous Vapours
   569 | D:1      | Reached skill level 5 in Poison Magic
   779 | D:1      | Reached skill level 1 in Air Magic
   900 | D:1      | Reached XP level 3. HP: 24/28 MP: 3/6
   904 | D:1      | Learned a level 3 spell: Mephitic Cloud
  1674 | D:2      | Noticed Terence
  1684 | D:2      | Killed Terence
  1685 | D:2      | Reached skill level 1 in Fighting
  1685 | D:2      | Reached XP level 4. HP: 38/38 MP: 3/7
  1921 | D:2      | Reached skill level 1 in Conjurations
  2016 | D:2      | Found a broken altar of Ashenzari.
  2094 | D:2      | Became a worshipper of Ashenzari the Shackled
  2339 | D:2      | Reached XP level 5. HP: 37/44 MP: 6/8
  2847 | D:2      | Found a shimmering blue altar of Sif Muna.
  2950 | D:3      | Found a bloodstained altar of Trog.
  2988 | D:3      | Found a stormy altar of Qazlal.
  3123 | D:3      | Reached skill level 2 in Conjurations
  3350 | D:3      | Reached XP level 6. HP: 43/51 MP: 6/9
  3375 | D:3      | Learned a level 3 spell: Ignite Poison
  3565 | D:3      | Noticed Natasha
  3574 | D:3      | Killed Natasha
  3642 | D:3      | Noticed Natasha
  3645 | D:3      | Killed Natasha
  3920 | D:4      | Reached XP level 7. HP: 45/57 MP: 0/10
  4611 | D:4      | Noticed Duvessa
  4611 | D:4      | Noticed Dowan
  4616 | D:4      | Killed Dowan
  4916 | D:4      | Killed Duvessa
  5052 | D:4      | Found a staircase to the Ecumenical Temple.
  5119 | D:4      | Found Tousel's Assorted Antiques.
  5157 | D:4      | Noticed Menkaure
  5390 | D:5      | Entered Level 5 of the Dungeon
  5437 | D:5      | Reached * piety under Ashenzari
  5483 | D:5      | Reached XP level 8. HP: 61/64 MP: 9/11
  5503 | D:5      | Found a runed translucent door.
  5504 | D:5      | Noticed Crazy Yiuf
  5524 | D:5      | Found a basalt altar of Yredelemnul.
  5524 | D:5      | Found a hazy altar of Hepliaklqana.
  5600 | D:5      | Noticed a wyvern
  5604 | D:5      | Killed a wyvern
  5610 | D:5      | Learned a level 4 spell: Olgreb's Toxic Radiance
  6086 | D:5      | Reached skill level 3 in Conjurations
  6339 | D:5      | Reached skill level 5 in Stealth
  6991 | D:5      | Found a radiant altar of Vehumet.
  6993 | D:5      | Found a hide-covered altar of Uskayaw.
  6995 | D:5      | Found a sacrificial altar of Ru.
  7255 | D:6      | Found Iffijisa's Antique Armour Shoppe.
  7348 | D:6      | Reached XP level 9. HP: 75/75 MP: 7/13
  7996 | D:6      | Noticed Edmund
  7997 | D:6      | Found the +2 ratskin cloak {*Rats rPois rN+ Str-1 Int-1
                  | Dex+1}
  8392 | D:6      | Killed Edmund
  8804 | D:7      | Noticed Harold
  8813 | D:7      | Killed Harold
  8814 | D:7      | Reached skill level 6 in Conjurations
  9279 | D:7      | Reached skill level 7 in Conjurations
  9481 | D:7      | Reached XP level 10. HP: 83/84 MP: 14/14
  9676 | D:7      | Identified the ring of Erhidau {*Drain rPois Str+5 Int+6
                  | Slay+3}
 10011 | D:8      | Noticed a two-headed ogre
 10017 | D:8      | Killed a two-headed ogre
 10018 | D:8      | Reached skill level 5 in Spellcasting
 10262 | D:7      | Learned a level 4 spell: Iskenderun's Mystic Blast
 10358 | D:8      | Reached skill level 1 in Translocations
 10531 | D:8      | Noticed Joseph
 10535 | D:8      | Noticed a two-headed ogre
 10740 | D:8      | Killed Joseph
 11082 | D:8      | Killed a two-headed ogre
 11083 | D:8      | Reached skill level 5 in Translocations
 11292 | D:8      | Reached ** piety under Ashenzari
 11384 | D:8      | Found Nyvown's Demolitions Depot.
 11528 | D:9      | Found a staircase to the Orcish Mines.
 11669 | D:9      | Reached skill level 1 in Evocations
 11922 | D:9      | Found a glowing silver altar of Zin.
 11945 | D:9      | Noticed a manticore
 11950 | D:9      | Noticed a death yak
 11953 | D:9      | Reached XP level 11. HP: 90/90 MP: 11/18
 11954 | D:9      | Killed a manticore
 11955 | D:9      | Reached skill level 8 in Conjurations
 11960 | D:9      | Killed a death yak
 11963 | D:9      | Noticed a death yak
 11966 | D:9      | Noticed a death yak
 12293 | D:8      | Killed a death yak
 12294 | D:8      | Reached skill level 9 in Conjurations
 12536 | D:9      | Found an opulent altar of Gozag.
 12829 | D:9      | Found a staircase to the Lair.
 12833 | D:9      | Reached skill level 10 in Poison Magic
 13226 | D:10     | Entered Level 10 of the Dungeon
 13358 | D:10     | Found a stormy altar of Qazlal.
 13407 | D:10     | Noticed a two-headed ogre
 13420 | D:10     | Killed a two-headed ogre
 13436 | D:10     | HP: 3/90 [ogre/+0 giant spiked club (26)]
 13866 | D:10     | Reached skill level 10 in Stealth
 14126 | D:10     | Noticed a two-headed ogre
 14133 | D:10     | Killed a two-headed ogre
 14688 | D:10     | Reached *** piety under Ashenzari
 15031 | D:8      | Bought a book of Power for 540 gold pieces
 15430 | D:11     | Noticed a manticore
 15440 | D:11     | Killed a manticore
 15441 | D:11     | Reached XP level 12. HP: 96/97 MP: 21/21
 15447 | D:11     | Learned a level 5 spell: Bolt of Magma
 15643 | D:11     | Reached skill level 1 in Earth Magic
 16292 | D:11     | Upgraded the game from 0.26.0-16-gc1dbca0489 to
                  | 0.26.0-18-gc5c842f807
 16326 | D:12     | Reached skill level 1 in Shields
 16463 | D:9      | Killed a death yak
 16605 | Orc:1    | Entered Level 1 of the Orcish Mines
 16605 | Orc:1    | Noticed an orc high priest
 16610 | Orc:1    | Killed an orc high priest
 16611 | Orc:1    | Reached skill level 5 in Earth Magic
 17210 | Orc:1    | Found a roughly hewn altar of Beogh.
 17259 | Orc:2    | Entered Level 2 of the Orcish Mines
 17405 | Orc:2    | Found a staircase to the Elven Halls.
 17492 | Orc:2    | Reached **** piety under Ashenzari
 17502 | Orc:2    | Noticed a stone giant
 17549 | Orc:2    | Killed a stone giant
 18082 | Orc:2    | Found a roughly hewn altar of Beogh.
 18236 | Orc:2    | Noticed an orc high priest
 18250 | Orc:2    | Banished an orc high priest
 18441 | Orc:2    | Noticed an orc warlord
 18476 | Orc:2    | Banished an orc warlord
 18477 | Orc:2    | Gained mutation: You can use your snake-like lower body to
                  | constrict enemies. [Naga growth]
 18477 | Orc:2    | Reached XP level 13. HP: 61/103 MP: 1/25
 18615 | Orc:2    | Learned a level 6 spell: Iron Shot
 18785 | Orc:2    | Found a roughly hewn altar of Beogh.
 18886 | Orc:2    | Found Maucif's General Store.
 19042 | Orc:2    | Found Wotwoscho's Antique Weapon Boutique.
 19211 | Orc:2    | Found Juse Woleato's Jewellery Boutique.
 19258 | Orc:2    | Found Ittaq's Antique Armour Boutique.
 19266 | Orc:2    | Bought a transparent robe for 165 gold pieces
 19266 | Orc:2    | Identified the +2 robe of the Tormentor {rPois rN+ Regen+
                  | Int-4} (You bought it in a shop on level 2 of the Orcish
                  | Mines)
 19267 | Orc:2    | Bought a pair of pitted gloves for 275 gold pieces
 19277 | Orc:2    | Identified the cursed +0 pair of gloves of Wonder {rF++
                  | Will+++} (You bought it in a shop on level 2 of the Orcish
                  | Mines)
 19589 | D:12     | Reached skill level 5 in Fighting
 19629 | D:12     | Identified the cursed +1 spear "Laecsup" {vorpal, Stlth+}
 19756 | D:12     | Reached skill level 5 in Evocations
 20520 | Elf:1    | Entered Level 1 of the Elven Halls
 20529 | Elf:1    | Reached skill level 10 in Conjurations
 21214 | Elf:1    | Reached skill level 11 in Conjurations
 21610 | Elf:1    | Reached XP level 14. HP: 99/117 MP: 26/26
 21740 | Elf:1    | Reached skill level 12 in Conjurations
 22118 | Elf:1    | Noticed Roxanne
 22251 | Elf:1    | Slain by a +0 flail of protection

Illustrated notes

Levels and vault maps discovered:
D:1:      beargit_arrival_greenhouse, layout_basic, serial_bayou_ford_a,
          minmay_domino_4
D:2:      cheibrodos_fertilizer, layout_loops_ring,
          ashenzari_conservatory_becter, chequers_serial_rivers_small_a,
          lemuel_blue_sif_altar, uniq_terence
D:3:      layout_loops_cross, marbit_many_paths, nicolae_overflow_crystal_walls,
          solitary_fountain, uniq_natasha
D:4:      layout_basic, temple_pool_b, serial_shops, nicolae_shop_waterfront,
          uniq_duvessa, uniq_menkaure
D:5:      layout_layer_cave, grunt_temple_overflow_diamond,
          gammafunk_temple_overflow_pools, uniq_crazy_yiuf_cottage
D:6:      wander_guarded_unrand_ratskin, layout_loops_ring, serial_shops,
          nicolae_shop_temple_entry_statues_fountains,
          kennysheep_generic_room_13, uniq_edmund
D:7:      layout_gridville, uniq_harold
D:8:      layout_rooms, hangedman_abyss_or_decor_stagger, nicolae_blasting_shop,
          uniq_joseph
D:9:      layout_loops_ring, kennysheep_mini, dpeg_lair_monsters, orc_0_dummy,
          grunt_gozag_statues
D:10:     cheibrodos_fzero, layout_loops_ring, nicolae_qazlal_style_of_elements
D:11:     layout_basic
D:12:     layout_small_grid
Orc:1:    layout_diamond_mine, minmay_orc_temple_b
Orc:2:    grunt_orc_cross, layout_diamond_mine, basic_altar
Elf:1:    layout_rooms, evilmike_minifort, uniq_roxanne

Skill      XL: |  1  2  3  4  5  6  7  8  9 10 11 12 13 14 |
---------------+-------------------------------------------+-----
Poison Magic   | 5 6 8 9 11 | 11.0
Air Magic      | 1 2 3 4 |  4.7
Fighting       | 1 3 5 |  5.7
Conjurations   | 1 2 3 7 9 11 12 | 12.3
Transmutations | 2 3 4 |  4.0
Fire Magic     | 2 3 4 |  4.2
Stealth        | 4 7 10 11 | 11.2
Spellcasting   | 3 5 6 8 9 |  9.1
Dodging        | 2 |  2.4
Translocations | 5 |  5.8
Evocations     | 3 4 5 |  5.1
Earth Magic    | 7 8 |  8.3
Shields        | 2 |  2.4

Action                   |  1- 3 |  4- 6 |  7- 9 | 10-12 | 13-15 || total
-------------------------+-------+-------+-------+-------+-------++-------
Melee: Dagger            |    41 |   131 |   215 |   150 |   105 ||   642
       Unarmed           |     5 |       |       |       |       ||     5
       Constrict         |       |       |       |       |    36 ||    36
Throw: Boomerang         |       |       |       |     1 |       ||     1
 Cast: Sting             |    38 |    73 |    64 |    37 |     9 ||   221
       Poisonous Vapours |     4 |     7 |    35 |    80 |    26 ||   152
       Ignite Poison     |       |     1 |    22 |    77 |    21 ||   121
       Mephitic Cloud    |       |       |    18 |    40 |    13 ||    71
       Olgreb's Toxic Ra |       |       |       |    25 |    19 ||    44
       Iskenderun's Myst |       |       |       |     3 |       ||     3
       Bolt of Magma     |       |       |       |    11 |     8 ||    19
       Iron Shot         |       |       |       |       |     2 ||     2
Invok: Curse Item        |       |       |     3 |     3 |       ||     6
 Abil: Spit Poison       |       |     4 |    29 |     8 |     2 ||    43
  Use: Scroll            |     3 |     2 |     5 |    12 |     1 ||    23
       Potion            |       |       |       |     3 |     2 ||     5
 Stab: Sleeping          |     3 |     3 |    10 |     7 |     6 ||    29
       Confused          |       |       |     1 |     1 |       ||     2
Armor: Robe              |    13 |    58 |   100 |   114 |    34 ||   319
Dodge: Dodged            |    37 |    79 |   108 |   133 |    51 ||   408
Block: Buckler           |       |       |       |    26 |    33 ||    59
